 Dungeon Crawl Stone Soup version 0.16-a0-4056-gee4db93 (webtiles) character file.

2583 timbw the Cleaver (level 9, 0/74 HPs)
             Began as a Centaur Fighter on Feb 20, 2015.
             Was a Believer of Makhleb.
             Slain by an unseen horror (3 damage)
             ... on level 8 of the Dungeon.
             The game lasted 00:15:54 (3895 turns).

timbw the Cleaver (Centaur Fighter)                 Turns: 3895, Time: 00:15:54

Health: 0/74       AC: 12    Str: 23    XL:     9   Next: 32%
Magic:  13/13      EV:  1    Int:  7    God:    Makhleb [**....]
Gold:   158        SH:  8    Dex:  8    Spells: 0 memorised, 8 levels left

rFire  . . .     SeeInvis .     a - +1 war axe
rCold  . . .     Clarity  .     m - +0 chain mail
rNeg   . . .     SustAb   .     c - +0 shield
rPois  .         Gourm    .     (no helmet)
rElec  .         Spirit   .     (no cloak)
rCorr  .         Warding  .     (no gloves)
rMut   .         Stasis   .     s - +0 centaur barding
MR     .....                    (no amulet)
Stlth  ..........               (no ring)
                                (no ring)

@: very quick, not resistant to hostile enchantments, extremely unstealthy
A: hooves 3, deformed body, speed 2, tough skin 3
a: Minor Destruction, Renounce Religion


You were on level 8 of the Dungeon.
You worshipped Makhleb.
Makhleb was pleased with you.
You were not hungry.

You visited 2 branches of the dungeon, and saw 9 of its levels.

You collected 158 gold pieces.

Inventory:

Hand weapons
 a - a +1 war axe (weapon)
 t - a cursed -1 hunting sling
Missiles
 f - 14 poisoned needles
 u - 19 stones (quivered)
 B - a throwing net
Armour
 b - a +0 scale mail
 c - a +0 shield (worn)
 j - a +0 ice dragon armour
 m - a +0 chain mail (worn)
 s - a +0 centaur barding (worn)
Magical devices
 e - a wand of confusion (4)
 k - a wand of random effects (0)
 C - a wand of disintegration (12)
 G - a wand of polymorph (9)
Scrolls
 h - 2 scrolls of enchant armour
 n - a scroll of fear {unknown}
 q - a scroll of recharging
 w - 2 scrolls of noise {unknown}
 x - 2 scrolls of identify
 y - 2 scrolls of immolation {unknown}
 A - a scroll of remove curse
 E - a scroll of random uselessness {unknown}
 F - a scroll of enchant weapon
 I - a scroll of fog {unknown}
 J - a scroll of teleportation {unknown}
Potions
 g - a potion of resistance
 l - 2 potions of magic
 o - a potion of agility
 p - 2 potions of curing
 r - 3 potions of heal wounds {unknown}
 v - a potion of poison {unknown}
 z - a potion of berserk rage {unknown}
 H - a potion of lignification {unknown}
Comestibles
 d - 2 bread rations
 i - 4 meat rations
 D - 5 chunks of flesh


   Skills:
 + Level 5.0 Fighting
 * Level 10.5 Axes
 - Level 2.1 Armour
 - Level 2.1 Shields
 + Level 4.1 Invocations


You had 8 spell levels left.
You didn't know any spells.

Dungeon Overview and Level Annotations

Branches:
Dungeon (8/15)             Temple (1/1) D:5
   Lair: D:8-11

Altars:
Cheibriados
Dithmenos
Elyvilon
Makhleb
Nemelex Xobeh
Okawaru
Qazlal
Ru
Sif Muna
Trog
Xom
The Shining One

Annotations:
D:3 Nothgar's ghost, weakling HEFE


Innate Abilities, Weirdness & Mutations

You have hooves in place of feet.
Armour fits poorly on your strangely shaped body.
You cover ground very quickly.
You have extremely tough skin (AC +3).


Message History

The ogre is moderately wounded.
You hit the ogre.
The ogre is moderately wounded.
You hit the orc warrior but do no damage.
You closely miss the skeletal warrior. Something hits you but does no damage.
The skeletal warrior hits you but does no damage.
The ogre hits you with a giant spiked club!
* * * LOW HITPOINT WARNING * * *
The ogre hits you with a giant spiked club!
* * * LOW HITPOINT WARNING * * *
Unknown command.
Your shield and chain mail prevent you from hitting something.
You kick something. You slash the ogre!
The ogre is severely wounded.
You hit the ogre.
The ogre is heavily wounded.
You barely miss the orc warrior.
You hit the skeletal warrior but do no damage.
Something hits you.
You die...

#.##. ### .###.....###
#.#.. .. ....#### #....
.# #... #...###.# ###.
... #.......#r.?..#
...##.## #....#s.O..#
....... #..sT#T###.# #
..#...## #....#oOO..# ..
..#... #....lz@#..)..#
......# #...###?#$###.#
...#...# #.......#..$..#
..# #.. #...(#..[..#..
..# ##.
#....#.###.#.###..# ##
##...#..$..#......# #
#......#........#
#..###.#.###รท..########
#....(.#......)....).##


You could see a skeletal warrior, a troll, an orc warrior, 2 ogres, a scorpion
and an iguana.

Vanquished Creatures
  The ghost of timbw the Cutter, an experienced DgGl (D:7)
  A hungry ghost (D:8)
  2 sky beasts (D:6)
  An ice beast (D:5)
  A wasp (D:7)
  A phantom (D:6)
  3 centaurs
  3 ogres
  Blork the orc (D:5)
  A giant frog (D:7)
  A wyvern zombie (D:7)
  3 scorpions
  3 crimson imps
  5 hounds
  A giant frog skeleton (D:7)
  2 jellies
  2 iguanas (D:4)
  5 orc priests
  An orc wizard (D:6)
  4 worker ants
  Ijyb (D:5)
  A hound skeleton (D:5)
  3 gnolls (D:6)
  2 adders
  3 shadow imps
  A giant mite (D:5)
  A worm (D:5)
  An adder skeleton (D:5)
  An adder zombie (D:8)
  An ooze (D:3)
  27 orcs
  10 bats
  A bat zombie (D:7)
  4 giant cockroaches
  14 hobgoblins
  9 kobolds
  A quokka (D:8)
  2 giant newts
  7 goblins
  12 rats
144 creatures vanquished.

Notes
Turn   | Place    | Note
--------------------------------------------------------------
     0 | D:1      | timbw, the Centaur Fighter, began the quest for the Orb.
     0 | D:1      | Reached XP level 1. HP: 19/19 MP: 1/1
     8 | D:1      | Noticed a swamp worm
     8 | D:1      | Noticed a water moccasin
   119 | D:2      | Found a shimmering altar of Xom.
   138 | D:2      | Reached XP level 2. HP: 16/26 MP: 2/2
   331 | D:3      | Reached XP level 3. HP: 25/31 MP: 3/3
   511 | D:3      | Found a snail-covered altar of Cheibriados.
   512 | D:3      | Found a sacrificial altar of Ru.
   544 | D:3      | Reached XP level 4. HP: 36/38 MP: 3/3
   554 | D:3      | Noticed Nothgar's ghost (weakling HEFE)
   618 | D:2      | Reached skill level 4 in Axes
  1021 | D:4      | Noticed an ogre
  1025 | D:4      | Killed an ogre
  1025 | D:4      | Reached skill level 5 in Axes
  1025 | D:4      | Reached XP level 5. HP: 42/45 MP: 4/4
  1065 | D:4      | Reached XP level 6. HP: 29/51 MP: 5/5
  1070 | D:4      | HP: 2/51 [orc priest/dagger (2)]
  1074 | D:3      | Reached skill level 6 in Axes
  1405 | D:4      | Noticed an ogre
  1437 | D:4      | Killed an ogre
  1643 | D:4      | Noticed an ogre
  1644 | D:4      | Noticed an ogre
  1679 | D:5      | Entered Level 5 of the Dungeon
  1968 | D:5      | Found a sparkling altar of Nemelex Xobeh.
  2017 | D:5      | Reached skill level 7 in Axes
  2017 | D:5      | Reached XP level 7. HP: 57/57 MP: 5/5
  2100 | D:5      | Noticed Blork the orc
  2107 | D:5      | Killed Blork the orc
  2202 | D:5      | Noticed Ijyb
  2214 | D:5      | Killed Ijyb
  2276 | D:5      | Reached skill level 8 in Axes
  2379 | D:5      | Found a staircase to the Ecumenical Temple.
  2393 | Temple   | Entered the Ecumenical Temple
  2403 | Temple   | Became a worshipper of Makhleb the Destroyer
  2459 | D:5      | Reached XP level 8. HP: 46/63 MP: 6/6
  2589 | D:6      | Reached skill level 9 in Axes
  2624 | D:6      | Acquired Makhleb's first power
  2742 | D:6      | Reached skill level 1 in Invocations
  2920 | D:7      | Found a stormy altar of Qazlal.
  3124 | D:7      | Noticed timbw's ghost (experienced DgGl)
  3132 | D:7      | Killed timbw's ghost
  3132 | D:7      | Reached skill level 10 in Axes
  3132 | D:7      | Reached XP level 9. HP: 35/72 MP: 9/12
  3279 | D:8      | Acquired Makhleb's second power
  3681 | D:7      | Found a shadowy altar of Dithmenos.
  3702 | D:7      | Reached skill level 5 in Fighting
  3849 | D:8      | Noticed a skeletal warrior
  3894 | D:8      | HP: 2/74 [ogre/giant spiked club (10)]
  3895 | D:8      | Slain by an unseen horror

Action                   |  1- 3 |  4- 6 |  7- 9 || total
-------------------------+-------+-------+-------++-------
Melee: War axe           |    80 |   108 |   289 ||   477
Evoke: Wand              |     2 |    11 |     1 ||    14
  Use: Scroll            |       |     8 |       ||     8
       Potion            |       |     1 |     4 ||     5
  Eat: Chunk             |       |     3 |     4 ||     7
       Pizza             |       |       |     1 ||     1
